 Dungeon Crawl Stone Soup version 0.28.0 (webtiles) character file.

Game seed: 16568331304271411380

2744 enile the Skirmisher (level 10, 0/75 HPs)
             Began as a Djinni Fire Elementalist on Feb 15, 2022.
             Was an Initiate of Gozag.
             Slain by an ancient zyme (2 damage)
             ... on level 1 of the Abyss.
             The game lasted 00:24:08 (10454 turns).

enile the Skirmisher (Djinni Fire Elementalist)    Turns: 10454, Time: 00:24:09

Health: 0/75       AC:  9    Str:  6 (7)  XL:     10   Next: 0%
Gold:   37         EV: 15    Int: 22      God:    Gozag SH:  0 Dex: 19

rFire   + + +      SeeInvis .   l - +5 trident of Ofie {drain, rElec MP+9 Dex+4}
rCold   . . .      Faith    .   (no shield)
rNeg    . . .      Spirit   .   a - +1 robe
rPois   ∞          Reflect  .   i - +2 helmet
rElec   +          Harm     .   g - +2 cloak
rCorr   +          Rampage  .   (no gloves)
Will    +....                   (boots unavailable)
Stlth   +++.......              (no amulet)
HPRegen 0.22/turn               D - ring of resist corrosion
MPRegen 0.00/turn               (no ring)

@: resistant, flying, invisible
A: sickness immunity, fire resistance 2, cold vulnerability 1, float, innate
caster, HP casting, extra vitality 1, clever 1, deterioration 1, sense
surroundings 1
a: Renounce Religion, Potion Petition, Call Merchant, Bribe Branch


You were on level 1 of the Abyss.
You worshipped Gozag.
Gozag was noncommittal.
You visited 1 branch of the dungeon, and saw 8 of its levels.
You visited the Abyss 1 time.
You also visited: Sewer.

You collected 1021 gold pieces.
You paid 984 gold pieces to Gozag.

Inventory:

Hand Weapons
 b - a +0 spear
 l - the +5 trident of Ofie (weapon) {drain, rElec MP+9 Dex+4}
   (You found it on level 2 of the Dungeon)

   A truly terrible weapon, it drains the life of any living foe it strikes.
   Dex:       It affects your dexterity (+4).
   rElec:     It insulates you from electricity.
   MP:        It affects your magic capacity (+9).
Missiles
 m - 3 datura-tipped darts
Armour
 a - a +1 robe (worn)
 g - a +2 cloak (worn)
 i - a +2 helmet (worn)
 p - a +0 scale mail
Jewellery
 D - a ring of resist corrosion (left hand)
Wands
 r - a wand of acid (4)
 u - a wand of flame (29)
 y - a wand of charming (17)
 A - a wand of paralysis (4) (quivered)
Scrolls
 c - 2 scrolls of brand weapon
 h - 2 scrolls of vulnerability
 k - 3 scrolls of enchant weapon
 n - 2 scrolls of fear
 o - a scroll of noise
 w - a scroll of amnesia
Potions
 d - a potion of cancellation {unknown}
 f - 2 potions of magic
 j - 2 potions of curing
 x - a potion of flight {unknown}
 z - a potion of heal wounds {unknown}


   Skills:
 - Level 7.0 Fighting
 - Level 2.0 Armour
 - Level 5.0 Dodging
 - Level 3.0 Stealth
 + Level 6.4 Spellcasting
 - Level 5.0 Evocations


You couldn't memorise any spells.
You knew the following spells:

 Your Spells              Type           Power      Damage    Failure   Level
a - Foxfire               Conj/Fire      100%       2x1d9     1%          1
b - Scorch                Fire           70%        2d9       1%          2
c - Conjure Flame         Conj/Fire      35%        6-21      1%          3
d - Inner Flame           Hex/Fire       35%        N/A       1%          3
e - Flame Wave            Conj/Fire      35%        2d8       6%          4
f - Sandblast             Erth           70%        2d15      1%          1
g - Blink                 Tloc           70%        N/A       1%          2
h - Corpse Rot            Necr/Air       70%        N/A       1%          2
i - Tukima's Dance        Hex            35%        N/A       1%          3
Your spell library was empty.

Dungeon Overview and Level Annotations

Branches:
Dungeon (8/15)             Temple (0/1) D:5            Lair (0/6) D:8
  Sewer (visited)

Altars:
Cheibriados
Gozag
Xom

Shops:
D:8 [

Annotations:
D:4 3 runed translucent doors, dropkickpikachu's ghost, amateur MiBe
D:7 3 runed translucent doors, Hubris850's ghost, novice DrCj
D:8 Psyche


Innate Abilities, Weirdness & Mutations

You are immune to sickness and miasma.
You are immune to poison.
Your flesh is very heat resistant. (rF++)
You are vulnerable to cold. (rC-)
You float through the air rather than walking.
You learn spells naturally, not from books.
Your magical power is your life essence.
You have superior vitality. (+4 MHP)
Your mind is acute. (Int +2)
Your body sometimes deteriorates upon taking damage.
You passively map a small area around you.


Message History

You are covered in liquid flames!
You are covered in liquid flames!
* * * LOW HITPOINT WARNING * * *
You are covered in liquid flames!
* * * LOW HITPOINT WARNING * * *
You are no longer on fire.
You feel stable enough to blink again.
A rust devil comes into view.
Casting: Blink (safe; 1% risk of failure)
Confirm with . or Enter, or press ? or * to list all spells.
Okay, then. 2 ancient zymes come into view.
Found a gateway leading deeper into the Abyss.
You hit the ancient zyme but do no damage.
The ancient zyme misses you. The ancient zyme closely misses you. x2
The ancient zyme hits you!
* * * LOW HITPOINT WARNING * * *
Press: ? - help, v - describe, . - travel
Here: an ancient zyme The floor.
Casting: Blink (safe; 1% risk of failure)
Confirm with . or Enter, or press ? or * to list all spells.
You blink.
A harpy skeleton comes into view.
* * * LOW HITPOINT WARNING * * *
[a] - 600 gold - haste, resistance and brilliance [b] - 88 gold - brilliance [c] - 522 gold - resistance and invisibility Purchase which effect?
You no longer have enough gold to petition Gozag for potion effects.
You feel protected.
You fade into invisibility!
As you read the scroll labelled ARAH SYADURO, it crumbles to dust.
It is a scroll of amnesia.
You feel forgetful for a moment.
You feel stable enough to blink again.
The ancient zyme hits you but does no damage. x2
The harpy skeleton closely misses you.
The harpy skeleton completely misses you.
The ancient zyme barely misses you. The ancient zyme hits you.
You die...
Your body crumbles into a pile of gold.

#.##...#.# .. #.
##.# #..# .# .#
....##.## #
#.#...#.##
#......##
###.##.##
#......###
#..#.x@..#
......#.Zx#.....
.>...##.#.#...###
.#. #.#..#.... #
##.........
.#.#.##.. # ....
. .#


You could see 2 ancient zymes and a harpy skeleton.

Vanquished Creatures
  A hornet (D:7)
  A wyvern (D:8)
  2 yaks (D:6)
  2 small abominations (Abyss:1)
  2 water moccasins
  An orc warrior (D:6)
  A hornet zombie (D:5)
  2 ice beasts
  A necrophage (D:4)
  A black bear (D:5)
  A centaur (D:7)
  3 ogres
  A phantom (D:6)
  A bullfrog (D:6)
  2 scorpions
  A killer bee (D:5)
  2 electric eels (D:7)
  A centaur zombie (D:7)
  An orc priest (D:6)
  A gnoll shaman (D:7)
  3 hounds
  A centaur skeleton (D:4)
  2 iguanas (D:5)
  2 orc wizards
  4 gnolls (D:7)
  A howler monkey skeleton (D:4)
  4 adders
  2 shadow imps
  3 white imps
  2 ufetubi
  3 worms
  4 dart slugs
  6 orcs
  4 bats
  6 endoplasms
  4 giant cockroaches
  7 goblins
  8 hobgoblins
  3 jackals
  6 quokkas
  3 frilled lizards
  6 kobolds
  6 rats
118 creatures vanquished.

Vanquished Creatures (collateral kills)
  A killer bee (D:5)
1 creature vanquished.

Vanquished Creatures (others)
  2 yaks (D:6)
  A killer bee (D:5)
  536 foxfires
  3 fungi (D:4)
  6 plants (D:5)
  2 starspawn tentacles (Abyss:1)
550 creatures vanquished.

Grand Total: 669 creatures vanquished

Notes
Turn   | Place    | Note
-------+----------+-------------------------------------------
     0 | D:1      | enile the Djinni Fire Elementalist began the quest for the
                  | Orb.
     0 | D:1      | Reached XP level 1. HP: 15/15 MP: 0/0
   576 | D:1      | Reached XP level 2. HP: 19/21 MP: 0/0
  1398 | D:1      | Found a faded altar of an unknown god.
  1880 | D:1      | Prayed at the altar of an unknown god.
  1880 | D:1      | Became a worshipper of Gozag Ym Sagoz the Greedy
  1962 | D:2      | Reached skill level 1 in Fighting
  1964 | D:2      | Reached XP level 3. HP: 25/27 MP: 0/0
  1964 | D:2      | Learned a level 1 spell: Sandblast
  2387 | D:2      | Reached skill level 2 in Fighting
  2696 | D:2      | Identified the +5 trident of Ofie {drain, rElec MP+9 Dex+4}
  2833 | D:2      | Reached XP level 4. HP: 31/33 MP: 0/0
  3017 | D:3      | Found a glowing drain.
  3041 | Sewer    | Entered a sewer
  3098 | Sewer    | Noticed a water moccasin
  3111 | Sewer    | Killed a water moccasin
  3112 | Sewer    | Reached skill level 3 in Fighting
  3112 | Sewer    | Reached XP level 5. HP: 25/40 MP: 0/0
  3112 | Sewer    | Learned a level 2 spell: Blink
  4237 | D:4      | Reached XP level 6. HP: 44/46 MP: 0/0
  4511 | D:4      | Reached skill level 4 in Fighting
  4635 | D:4      | Noticed an ogre
  4643 | D:4      | Killed an ogre
  4644 | D:4      | Reached skill level 5 in Fighting
  4644 | D:4      | Reached XP level 7. HP: 49/54 MP: 0/0
  4644 | D:4      | Learned a level 2 spell: Corpse Rot
  5010 | D:4      | Found a runed translucent gate.
  5013 | D:4      | Found a runed translucent gate.
  5014 | D:4      | Found a runed translucent gate.
  5016 | D:4      | Noticed dropkickpikachu's ghost (amateur MiBe)
  5171 | D:5      | Entered Level 5 of the Dungeon
  5820 | D:5      | Found a staircase to the Ecumenical Temple.
  5857 | D:5      | Reached XP level 8. HP: 17/59 MP: 0/0
  6466 | D:5      | Reached skill level 5 in Spellcasting
  6692 | D:6      | Reached skill level 6 in Fighting
  7349 | D:6      | HP: 3/61 [spore (14)]
  8058 | D:6      | Reached XP level 9. HP: 62/66 MP: 0/0
  8058 | D:6      | Learned a level 3 spell: Tukima's Dance
  8165 | D:6      | Reached skill level 5 in Dodging
  8172 | D:6      | Reached skill level 7 in Fighting
  8920 | D:8      | Found a staircase to the Lair.
  8925 | D:8      | Found a snail-covered altar of Cheibriados.
  8931 | D:8      | Found Cheibriados's Comfort Zone.
  9092 | D:8      | Noticed Psyche
  9104 | D:7      | Noticed a hornet
  9121 | D:7      | Killed a hornet
  9233 | D:7      | Reached skill level 5 in Evocations
  9233 | D:7      | Reached skill level 1 in Armour
  9393 | D:7      | Found a runed translucent gate.
  9394 | D:7      | Found a runed translucent gate.
  9395 | D:7      | Found a runed translucent gate.
  9400 | D:7      | Noticed Hubris850's ghost (novice DrCj)
  9775 | D:7      | Reached XP level 10. HP: 72/75 MP: 0/0
  9882 | D:7      | Found a shimmering altar of Xom.
  9907 | D:7      | Cast into level 1 of the Abyss (crimson imp)
  9920 | Abyss:1  | Noticed a smoke demon
  9940 | Abyss:1  | Noticed a starcursed mass
  9940 | Abyss:1  | Noticed a flayed ghost
  9956 | Abyss:1  | Noticed a worldbinder
  9961 | Abyss:1  | Noticed a deep elf zephyrmancer
  9961 | Abyss:1  | Noticed a deep elf pyromancer
  9962 | Abyss:1  | Noticed a deep elf knight
  9972 | Abyss:1  | Gained mutation: You passively map a small area around you.
                  | [potion of mutation]
  9972 | Abyss:1  | Gained mutation: Your mind is acute. (Int +2) [potion of
                  | mutation]
 10027 | Abyss:1  | Noticed a thrashing horror
 10057 | Abyss:1  | Noticed a thrashing horror
 10059 | Abyss:1  | Noticed a rakshasa
 10063 | Abyss:1  | Noticed a bone dragon
 10172 | Abyss:1  | Noticed a large abomination
 10206 | Abyss:1  | Noticed a tentacled starspawn
 10233 | Abyss:1  | Noticed a lich
 10259 | Abyss:1  | Noticed a thrashing horror
 10286 | Abyss:1  | Noticed an Executioner
 10301 | Abyss:1  | Noticed a will-o-the-wisp
 10310 | Abyss:1  | Noticed a large abomination
 10315 | Abyss:1  | Noticed a bone dragon
 10395 | Abyss:1  | Noticed a smoke demon
 10423 | Abyss:1  | Noticed a profane servitor
 10424 | Abyss:1  | Gained mutation: Your body sometimes deteriorates upon
                  | taking damage. [a neqoxec]
 10434 | Abyss:1  | Noticed a rust devil
 10451 | Abyss:1  | HP: 3/75 [ancient zyme (11)]
 10454 | Abyss:1  | Slain by an ancient zyme

Illustrated notes

Levels and vault maps discovered:
D:1:      minmay_arrival_nine_rooms, layout_loops_corners,
          dilly_ecumenical_altar_fadedgnrine, minmay_misc_feat_rows
D:2:      layout_rooms, grunt_ministairs_12
D:3:      layout_basic, portal_sewer_entry_f, st_stairs_1
D:4:      layout_rooms, gammafunk_ghost_nasty_kobolds
D:5:      layout_basic, minmay_temple_entry_gardened_gates
D:6:      layout_rooms, st_stairs_13
D:7:      layout_cave_pools, led_xom_imps, gammafunk_ghost_necromancy,
          kennysheep_diamond, chequers_serial_rivers_room_b,
          grunt_ministairs_11, dk_noncrumbling_4, uniq_joseph, uniq_harold
D:8:      layout_basic, dpeg_oklobed_lair, minmay_shop_chei,
          kennysheep_generic_room_15, uniq_psyche, uniq_maurice
Abyss:1:  base:
D:8

Skill      XL: |  1  2  3  4  5  6  7  8  9 |
---------------+----------------------------+-----
Fighting       | 1 2 3 5 6 7 |  7.0
Spellcasting   | 3 4 6 |  6.4
Dodging        | 3 4 5 |  5.0
Stealth        | 2 3 |  3.0
Evocations     | 5 |  5.0
Armour         | 2 |  2.0

Action                   |  1- 3 |  4- 6 |  7- 9 | 10-12 || total
-------------------------+-------+-------+-------+-------++-------
Melee: Trident           |     3 |     6 |    13 |     2 ||    24
Throw: Dart              |       |       |     5 |       ||     5
       Throwing net      |       |       |       |     1 ||     1
 Cast: Foxfire           |    91 |   108 |   115 |    10 ||   324
       Scorch            |     6 |     7 |    69 |     8 ||    90
       Blink             |       |     1 |       |     8 ||     9
       Inner Flame       |       |       |     3 |     1 ||     4
       Flame Wave        |       |       |       |     1 ||     1
Invok: Potion Petition   |       |       |       |     2 ||     2
Evoke: Wand              |       |       |     7 |     2 ||     9
  Use: Potion            |       |       |     2 |     8 ||    10
       Scroll            |       |       |     8 |     7 ||    15
 Stab: Paralysed         |       |       |       |     1 ||     1
Armor: Robe              |     7 |    18 |    35 |    21 ||    81
Dodge: Dodged            |    15 |    21 |   117 |    49 ||   202
